 Dungeon Crawl Stone Soup version 0.31.0-1-g2c135a0 (webtiles) character file.

Game seed: 13575471370166965212

3717908 bonscott the Wishgranter (level 27, 152/185 HPs)
             Began as a Djinni Conjurer on Mar 20, 2024.
             Was the Champion of Makhleb.
             Escaped with the Orb
             ... and 5 runes
             ... and 7 gems on Apr 6, 2024!
             The game lasted 17:58:37 (78969 turns).

bonscott the Wishgranter (Djinni Conjurer)         Turns: 78969, Time: 17:58:38

Health: 152/185    AC: 30    Str: 16      XL:     27
Gold:   6013       EV: 16    Int: 25 (26) God:    Makhleb [******] SH: 18 Dex: 16

rFire   + + +        a - +1 whip "Eserak" {vamp, *Rage Str+2 Dex+3 SInv}
rCold   + + .        v - +3 kite shield {rC+}
rNeg    + + +        y - +8 pearl dragon scales
rPois   ∞            P - +2 helmet {Int+3}
rElec   +            O - scarf {rC+ rF+}
rCorr   +            k - +0 pair of gloves of Beogh, Muttering {rPois rN+ Will+ rCorr Str-2}
SInv    +            (boots unavailable)
Will    +++++        E - amulet of the acrobat
Stlth   +            l - ring "Bewkuyso" {rElec Will+}
HPRegen 0.50/turn    L - ring "Rieskatryu" {rC+ rN++ Will+}
MPRegen 0.00/turn

%: random rage (20%), acrobat
@: calling dragons, flying, studying 5 skills
A: sickness immunity, fire resistance 2, cold vulnerability 1, float, innate
caster, HP casting, extra vitality 1, claws 1, deterioration 1, frail 1,
teleportitis 1, inability to drink after injury 1, inability to read after
injury 1
0: Orb of Zot
}: 5/15 runes: serpentine, barnacled, slimy, silver, abyssal
a: Renounce Religion, Minor Destruction, Lesser Servant of Makhleb, Major
Destruction, Greater Servant of Makhleb


You escaped.
You worshipped Makhleb.
Makhleb was exalted by your worship.
You visited 13 branches of the dungeon, and saw 57 of its levels.
You visited the Abyss 7 times.
You also visited: Trove, Bailey, Ice Cave, Volcano, Wizlab and Desolation.

You collected 11115 gold pieces.
You spent 5102 gold pieces at shops.

Inventory:

Hand Weapons
 a - the +1 whip "Eserak" (weapon) {vamp, *Rage Str+2 Dex+3 SInv}
   (You took it off a gnoll on level 6 of the Dungeon)

   Str+2:     It affects your strength (+2).
   Dex+3:     It affects your dexterity (+3).
   SInv:      It lets you see invisible.
   *Rage:     It berserks you when you make melee attacks (+20% chance).
Missiles
 d - 9 curare-tipped darts
 j - 5 javelins
 n - 9 throwing nets
 s - 5 silver javelins
 F - 72 boomerangs
Armour
 h - the +10 tower shield of Ignorance {rN+ Int-4}
   (You took it off a draconian stormcaller on level 4 of the Realm of Zot)

   Int-4:     It affects your intelligence (-4).
   rN+:       It protects you from negative energy.
 k - the +0 pair of gloves of Beogh, Muttering (worn) {rPois rN+ Will+ rCorr Str-2}
   (You acquired it on level 9 of the Dungeon)

   Str-2:     It affects your strength (-2).
   rPois:     It protects you from poison rN+: It protects you from negative
   energy.
   Will+:     It increases your willpower.
   rCorr:     It protects you from acid and corrosion.
 v - a +3 kite shield of cold resistance (worn)
 y - +8 pearl dragon scales (worn)
 O - a scarf of resistance (worn)
 P - a +2 helmet of intelligence (worn)
Magical Staves
 b - the staff "Jeodgh Luur" {rC+ Dex+3 Ice}
   (You found it on level 3 of the Depths)

   [staff of cold]

   Base accuracy: +5 Base damage: 5 Base attack delay: 1.2 This weapon's minimum
   attack delay (0.6) is reached at skill level 12.
   Dex+3:     It affects your dexterity (+3).
   rC+:       It protects you from cold.
   Ice:       It increases the power of your Ice spells.
   It falls into the 'Staves' category.
   It is a one-handed weapon.
Jewellery
 l - the ring "Bewkuyso" (left hand) {rElec Will+}
   (You found it in the Desolation of Salt)

   [ring of willpower]

   rElec:     It insulates you from electricity.
   Will+:     It increases your willpower.
 E - an amulet of the acrobat (around neck)
 L - the ring "Rieskatryu" (right hand) {rC+ rN++ Will+}
   (You took it off an orc priest on level 5 of the Vaults)

   [ring of protection from cold]

   rC+:       It protects you from cold.
   rN++:      It greatly protects you from negative energy.
   Will+:     It increases your willpower.
 Q - the ring "Lesorri Ora" {Fire rElec Int+4 Dex+5 Slay+2}
   (You found it in the Desolation of Salt)

   [ring of fire]

   Fire:      It enhances your fire magic.
   Int+4:     It affects your intelligence (+4).
   Dex+5:     It affects your dexterity (+5).
   Slay+2:    It affects your accuracy & damage with ranged weapons and melee
   (+2).
   rF+:       It protects you from fire.
   rC-:       It makes you vulnerable to cold.
   rElec:     It insulates you from electricity.
 Y - the ring "Hestre" {rC+ MP+9 AC+4}
   (You found it in the Desolation of Salt)

   [ring of protection]

   AC+4:      It affects your AC (+4).
   rC+:       It protects you from cold.
   MP+9:      It affects your magic capacity (+9).
Wands
 g - a wand of digging (21)
 i - a wand of iceblast (33)
 m - a wand of mindburst (33)
 p - a wand of paralysis (59)
 q - a wand of quicksilver (20)
Scrolls
 f - 5 scrolls of summoning
 t - 3 scrolls of immolation
 x - 9 scrolls of fog
 z - 4 scrolls of revelation
 C - 2 scrolls of vulnerability
 G - 5 scrolls of blinking
 N - 3 scrolls of silence
 R - 11 scrolls of fear
 S - 4 scrolls of torment
 T - 4 scrolls of poison
 X - 26 scrolls of teleportation
Potions
 c - 3 potions of enlightenment
 e - 7 potions of heal wounds
 o - 2 potions of lignification
 r - 2 potions of cancellation
 u - 3 potions of resistance
 A - 3 potions of mutation
 H - 4 potions of invisibility
 I - 4 potions of ambrosia
 J - 8 potions of brilliance
 K - 4 potions of haste
 V - 10 potions of might
 W - 9 potions of curing
Miscellaneous
 w - a condenser vane
 B - the horn of Geryon
 D - a phantom mirror
 M - a sack of spiders
 U - a lightning rod (4/4)


   Skills:
 + Level 20.3 Fighting
 - Level 16.0 Throwing
 + Level 16.4 Armour
 - Level 16.0 Dodging
 - Level 8.0 Stealth
 + Level 17.8 Shields
 O Level 27 Spellcasting
 O Level 27 Conjurations
 O Level 27 Hexes
 O Level 27 Summonings
 O Level 27 Necromancy
 O Level 27 Translocations
 O Level 27 Fire Magic
 O Level 27 Ice Magic
 O Level 27 Air Magic
 O Level 27 Earth Magic
 O Level 27 Alchemy
 - Level 20.0 Evocations
 - Level 8.8 Shapeshifting


You knew the following spells:

 Your Spells              Type           Power      Damage    Failure   Level
a - Kiss of Death         Conj/Necr      100%       2d13      0%          1
b - Brom's Barrelling Bo  Conj/Erth      100%       2d11      0%          4
c - Freezing Cloud        Conj/Ice/Air   53%        6-21      0%          5
d - Magic Dart            Conj           100%       1d8       0%          1
e - Mercury Vapours       Alch/Air       100%       N/A       0%          2
f - Fulminant Prism       Conj/Alch      53%        3d23      0%          4
g - Spellforged Servitor  Conj/Summ      53%        N/A       1%          7
h - Fugue of the Fallen   Necr           100%       N/A       0%          3
i - Iskenderun's Battles  Conj           100%       2d15      0%          5
j - Ignition              Fire           53%        3d15      1%          8
l - Dragon's Call         Summ           53%        N/A       5%          9
m - Iskenderun's Mystic   Conj/Tloc      100%       2d19      0%          4
n - Eringya's Noxious Bo  Alch           53%        4d6       0%          6
o - Infestation           Necr           53%        N/A       1%          8
r - Searing Ray           Conj           100%       2d8       0%          2
s - Sculpt Simulacrum     Ice/Alch       53%        N/A       0%          6
t - Starburst             Conj/Fire      53%        6d14      0%          6
Your spell library was empty.

Dungeon Overview and Level Annotations

Branches:
Dungeon (15/15)            Temple (1/1) D:4            Lair (5/5) D:9
 Shoals (4/4) Lair:2        Snake (4/4) Lair:3        Slime (5/5) Lair:4
    Orc (2/2) D:10            Elf (3/3) Orc:2        Vaults (5/5) D:13
  Crypt (3/3) Vaults:2       Tomb (0/3) Crypt:3      Depths (4/4) D:15
   Hell (visited)             Dis (0/7) Hell            Geh (0/7) Hell
    Coc (0/7) Hell            Tar (0/7) Hell            Zot (5/5) Depths:4
 Bailey (visited)           IceCv (visited)         Volcano (visited)
 WizLab (visited)         Desolation (visited)

Altars:
Ashenzari
Cheibriados
Dithmenos
Elyvilon
Fedhas
Gozag
Hepliaklqana
Makhleb
Nemelex Xobeh
Okawaru
Qazlal
Ru
Trog
Uskayaw
Wu Jian
Xom
Yredelemnul
Zin
The Shining One

Shops:
D:10 *[?:=   Orc:1 :   Orc:2 ?([(   Elf:3 *(   Shoals:3 *   Snake:4 [
Vaults:2 [   Vaults:4 :   Vaults:5 !!??   Depths:1 ?   Depths:2 **

Portals:
Hell: Depths:1 Depths:2 Depths:3 Depths:4
Abyss: Depths:3
Pandemonium: Depths:2
Ziggurat: Depths:1


Innate Abilities, Weirdness & Mutations

You are immune to sickness and miasma.
You are immune to poison.
Your flesh is very heat resistant. (rF++)
You are vulnerable to cold. (rC-)
You float through the air rather than walking.
You learn spells naturally, not from books.
Your magical power is your life essence.
You have superior vitality. (+4 MHP)
You have sharp fingernails.
Your body sometimes deteriorates upon taking damage.
You are frail. (-10% HP)
You are occasionally teleported next to monsters.
You occasionally lose the ability to drink potions when taking damage.
You occasionally lose the ability to read scrolls when taking damage.


Message History

There is an open door here.
A dragon arrives to answer your call!
Your storm dragon breathes lightning at the Orb Guardian.
The bolt of lightning misses the Orb Guardian.
Casting: Dragon's Call (dangerous; 5% risk of failure)
Confirm with . or Enter, or press ? or * to list all spells.
Okay, then.
The Orb Guardian attacks as it pursues you!
You block the Orb Guardian's attack. The Orb Guardian hits you!
A dragon arrives to answer your call! You block the Orb Guardian's attack.
The Orb Guardian completely misses you.
Your shadow dragon breathes negative energy at the Orb Guardian.
The bolt of negative energy misses the Orb Guardian.
A dragon arrives to answer your call!
Your storm dragon bites the Orb Guardian!!
Your storm dragon claws the Orb Guardian but does no damage.
Your storm dragon closely misses the Orb Guardian.
You block the Orb Guardian's attack. A dragon arrives to answer your call!
You block the Orb Guardian's attack.
There is an open door here.
Your storm dragon bites the Orb Guardian!
Your storm dragon claws the Orb Guardian but does no damage.
Your storm dragon tramples the Orb Guardian but does no damage.
The Orb Guardian hits your storm dragon!!
Your storm dragon bites the Orb Guardian but does no damage.
Your storm dragon claws the Orb Guardian.
Your storm dragon closely misses the Orb Guardian.
The Orb Guardian completely misses your storm dragon.
There is a staircase leading out of the dungeon here.
A dragon arrives to answer your call!
The Orb Guardian hits your storm dragon!!
Your storm dragon breathes lightning at the Orb Guardian.
The bolt of lightning hits the Orb Guardian!
The Orb Guardian dies!
Makhleb accepts your kill.
The bolt of lightning hits your storm dragon.
Your storm dragon completely resists.
The bolt of lightning hits your storm dragon.
Your storm dragon completely resists.
You have escaped!

#....###..##.###D#####....#.#
#....#...###D..D.#...#....##.#
#...##.#####D##### #.##...# #.
#..'##.####D.#.. #..#'..# #
#..#.#....#D##.######..#..# #
#.##.####.#DD#.##...#####.#
####.##....#.##'#'##.#.#...#.#
.....###.#.#.##.D.##.#.#.#.#.#
###..+.#.#.#..+.@.'..#.#.#.'.#
.....#.#.#.#.##...####.#[###.#
###..#...#.#.##'#'## #...# #.#
###..#####...##.#..#########.#
......#..######.##........#..#
......'#..#.....#..####.##+..#
## ..#....##.#.#####.## ##...#
#. #.#.....#...#.....# #....#
#. #.#.....#####.###.#
###....# #.


You could see 2 friendly shadow dragons, a friendly golden dragon (summoned), a
friendly storm dragon (summoned, catching breath) and a friendly fire dragon
(summoned).

Vanquished Creatures
  the Royal Jelly (Slime:5)
  2 dread liches (Zot:5)
  Mara (Snake:4)
  2 ancient liches (Zot:5)
  4 orbs of fire
  2 antique champions (WizLab)
  Saint Roka (Vaults:5)
  5 Killer Klowns
  Vashnia (Snake:4)
  A curse toe (Zot:2)
  8 golden dragons
  Geryon (Hell)
  5 caustic shrikes
  Nikola (Shoals:2)
  Jory (Vaults:5)
  4 bone dragons
  3 doom hounds (Crypt:3)
  A hellephant (Hell)
  4 electric golems
  Zenata (Crypt:3)
  2 walking crystal tomes (Depths:3)
  17 tentacled monstrosities
  Mlioglotl (Snake:1)
  Jorgrun (D:15)
  Asterion (Depths:2)
  8 titans
  22 Orb Guardians (Zot:5)
  Grunn (Crypt:3)
  12 liches
  3 deep elf master archers
  8 death cobs
  A walking frostbound tome (Depths:3)
  2 walking divine tomes
  10 quicksilver dragons
  3 deep elf blademasters
  The ghost of AtomicRavioli the Warrior, an adept OnFi of Makhleb (Shoals:1)
  An Executioner (Abyss:1)
  9 sphinxes
  Agnes (D:14)
  11 ancient champions
  18 acid blobs
  A kraken (Shoals:4)
  The ghost of Gwimweeper the Bludgeoner, an adept MiBe of Trog (Elf:1)
  Frances (Snake:2)
  13 tengu reavers
  3 thorn hunters
  14 tentacled starspawn
  20 storm dragons
  15 shadow dragons
  A daeva (Abyss:1)
  Roxanne (Elf:2)
  2 revenants
  7 azure jellies (Slime:5)
  Aizul (Snake:2)
  14 fire giants
  6 rockslimes
  Donald (Snake:1)
  4 draconian knights
  Ilsuiw (Shoals:4)
  7 draconian monks
  7 nagarajas
  6 deep elf sorcerers
  19 vault wardens
  3 imperial myrmidons (Desolation)
  15 frost giants
  An iron dragon (Zot:3)
  5 draconian shifters
  Louise (Snake:1)
  2 ghost moths
  2 balrugs
  5 ghouls
  A cacodemon (Abyss:1)
  3 juggernaut zombies (WizLab)
  3 deep elf elementalists
  7 draconian scorchers
  5 reapers (Hell)
  An orc warlord (Depths:1)
  15 ironbound preservers
  3 draconian annihilators
  A spriggan defender (Depths:3)
  25 stone giants
  The ghost of Endbringerleviathan the Arsonist, a journeyman NaFE of Gozag (Lair:5)
  3 draconian stormcallers
  10 quicksilver oozes
  9 ironbound thunderhulks
  3 formless jellyfish
  45 very ugly things
  10 vampire knights
  8 green draconians
  15 deep elf death magi
  7 red draconians
  9 deep elf annihilators
  3 purple draconians
  A halazid warlock (Desolation)
  5 war gargoyles
  9 yellow draconians
  10 black draconians
  7 white draconians
  10 deep elf demonologists
  3 blizzard demons (Hell)
  16 dire elephants
  8 spark wasps
  A mummy priest (Crypt:3)
  13 merfolk impalers
  An acid blob zombie (Crypt:3)
  5 eidola
  11 jiangshi
  6 merfolk javelineers
  9 ettins
  7 crystal guardians
  13 ragged hierophants
  An entropy weaver (shapeshifter) (D:10)
  2 iron golems (Hell)
  6 deep elf high priests
  9 fire dragons
  Josephine (D:12)
  13 yaktaur captains
  37 vault guards
  12 rakshasas
  2 hell beasts
  9 great orbs of eyes
  Fannar (D:10)
  A salamander tyrant (Depths:1)
  8 hydras
  4 alligators (Snake:1)
  7 servants of whispers (Desolation)
  10 peacekeepers
  6 merfolk aquamancers (Shoals:4)
  10 ice dragons
  8 anacondas
  Erolcha (D:10)
  9 ironbound frosthearts
  An ogre mage (Volcano)
  3 alligator snapping turtles (Shoals:4)
  3 spriggan air magi
  15 centaur warriors
  A sphinx skeleton (Depths:1)
  11 two-headed ogres
  5 boulder beetles
  5 deep troll earth magi
  4 deep troll shamans
  21 naga warriors
  5 hell hogs
  4 catoblepae
  16 death yaks
  8 tengu warriors
  5 satyrs
  28 dancing weapons
  6 shock serpents
  3 occultists
  9 spriggan berserkers
  3 demonic crawlers
  10 vampire magi
  12 naga sharpshooters
  7 hell knights
  2 orc high priests (Orc:2)
  8 thrashing horrors
  Sonja (D:12)
  Nergalle (D:12)
  2 storm dragon zombies
  15 wretched stars
  2 crystal echidnas (Hell)
  7 soul eaters
  2 fire crabs (Zot:1)
  4 shadow wraiths
  2 sixfirhies (Abyss:1)
  A skyshark (shapeshifter) (Vaults:5)
  A titan skeleton (Abyss:1)
  Amaemon (Lair:2)
  3 salamander mystics (Snake:4)
  8 sun demons
  3 iron trolls (Hell)
  17 deep elf knights
  2 spark wasp zombies (Depths:1)
  31 skeletal warriors
  5 skysharks
  2 golden dragon zombies (Depths:1)
  6 arcanists
  6 glowing orange brains
  A goliath frog (Snake:1)
  47 deep trolls
  A sea snake (shapeshifter) (Depths:3)
  A death drake (Abyss:1)
  17 mana vipers
  21 sea snakes
  An anaconda zombie (Hell)
  4 flayed ghosts
  5 swamp dragons (Snake:1)
  25 ironbound convokers
  A shadow demon (Abyss:1)
  15 deep elf archers
  10 naga ritualists
  10 phantasmal warriors
  Pikel (D:8)
  26 harpies
  An orange crystal statue (Depths:2)
  6 orc knights
  An anaconda skeleton (Hell)
  11 necromancers
  A bunyip skeleton (Abyss:2)
  9 shining eyes
  33 deep elf pyromancers
  7 orc sorcerers
  25 deep elf zephyrmancers
  23 large abominations
  8 lindwurms
  35 ugly things
  Maurice (D:8)
  13 manticores
  13 salamanders
  A shadow dragon skeleton (Crypt:3)
  A glowing shapeshifter (Depths:3)
  A will-o-the-wisp (Abyss:1)
  20 moths of wrath
  An oklob plant (D:12)
  9 cyclopes
  17 fauns
  A manticore (shapeshifter) (Vaults:5)
  13 naga magi
  2 wolf spiders (Lair:5)
  A fire giant zombie (Depths:1)
  6 elephants
  11 worldbinders
  3 meliai (D:13)
  A water nymph (shapeshifter) (Vaults:5)
  An apocalypse crab (Abyss:1)
  A centaur skeleton (Abyss:1)
  2 kobold blastminers (Orc:2)
  6 merfolk sirens
  A frost giant skeleton (Crypt:2)
  19 vault sentinels
  3 stone giant skeletons
  A torpor snail (Lair:5)
  A gargoyle (D:14)
  7 guardian serpents
  44 black mambas
  3 rust devils
  3 ice statues
  A shock serpent skeleton (Crypt:3)
  5 orange demons
  7 water nymphs
  13 cane toads
  A pale draconian zombie (Crypt:3)
  2 unseen horrors (Abyss:1)
  Maggie (D:6)
  17 smoke demons
  A sea snake zombie (Hell)
  A black draconian zombie (Crypt:3)
  3 eyes of devastation
  2 dire elephant skeletons (Hell)
  4 efreet
  A hellion (Abyss:1)
  12 rime drakes
  A tormentor (Abyss:1)
  12 freezing wraiths
  33 yaktaurs
  8 guardian mummies (Crypt:3)
  8 komodo dragons
  An unseen horror skeleton (Crypt:3)
  2 red devils (Hell)
  2 tengu conjurers
  9 ancient zymes
  A queen bee (D:13)
  A death yak skeleton (Crypt:1)
  Psyche (D:8)
  A tyrant leech (Snake:1)
  2 silent spectres (Abyss:1)
  A merfolk (shapeshifter) (Vaults:5)
  A troll (Orc:1)
  7 hornets
  3 hellwings (Abyss:1)
  2 hydra zombies (Hell)
  27 merfolk
  14 polar bears
  2 human skeletons (Vaults:2)
  6 wind drakes
  Grinder (D:6)
  65 saltlings
  A wind drake (shapeshifter) (Abyss:1)
  2 harpy zombies
  2 spriggan zombies
  2 snapping turtles (shapeshifter)
  3 glass eyes (Depths:3)
  Prince Ribbit (D:5)
  2 nameless horrors
  25 dream sheep
  6 blink frogs
  An ettin zombie (WizLab)
  An iron dragon simulacrum (Crypt:3)
  15 snapping turtles
  An ice dragon zombie (Crypt:2)
  101 slime creatures
  A hydra skeleton (Hell)
  A stone giant simulacrum (Depths:1)
  33 raiju
  12 spriggans
  10 vampires
  3 ettin skeletons
  42 starcursed masses
  A fire dragon skeleton (Crypt:3)
  3 shadows
  14 wraiths
  An air elemental (Elf:1)
  3 fire bats
  16 wyverns
  5 ynoxinuls (Abyss:1)
  25 water elementals
  2 fire elementals
  41 yaks
  22 golden eyes
  5 humans (D:13)
  9 wargs
  9 basilisks
  8 neqoxecs
  2 steam dragons
  4 vampire mosquitoes (D:12)
  10 chaos spawn
  A sea snake simulacrum (Hell)
  22 small abominations
  A two-headed ogre zombie (WizLab)
  2 swamp worms (Snake:1)
  2 deep troll zombies
  48 nagas
  A swamp worm (shapeshifter) (Vaults:5)
  An acid dragon (D:15)
  18 hell hounds
  A hydra simulacrum (Hell)
  3 two-headed ogre skeletons (WizLab)
  13 water moccasins
  A water nymph skeleton (Crypt:1)
  A swamp dragon zombie (WizLab)
  A deep troll skeleton (WizLab)
  A swamp drake (Snake:1)
  3 sky beasts
  14 black bears
  25 orc warriors
  An ettin simulacrum (Vaults:2)
  41 laughing skulls
  44 wolves
  3 boggarts (Vaults:2)
  A swamp dragon skeleton (WizLab)
  10 centaurs
  2 lemures (D:8)
  12 ogres
  4 weeping skulls (Abyss:1)
  2 kobold brigands
  A bullfrog (shapeshifter) (Vaults:5)
  3 brain worms
  14 bullfrogs
  4 earth elementals
  2 salamander zombies
  A necrophage (Crypt:3)
  4 gnoll sergeants
  2 salamander skeletons (Crypt:3)
  A two-headed ogre simulacrum (D:12)
  2 cane toad simulacra (D:12)
  4 scorpions
  A cyclops skeleton (WizLab)
  11 wights
  A water moccasin skeleton (Crypt:1)
  A swamp dragon simulacrum (WizLab)
  27 killer bees
  7 howler monkeys
  9 electric eels
  7 quasits (Abyss:1)
  3 gnoll boudas
  3 bombardier beetles
  2 hounds
  4 iron imps
  4 jellies
  31 orc priests
  A basilisk skeleton (Crypt:2)
  4 iguanas
  41 orc wizards
  A black bear skeleton (Crypt:2)
  2 hell rats
  A troll simulacrum (D:12)
  4 spriggan simulacra
  An acid dragon zombie (Crypt:2)
  A wolf simulacrum (D:12)
  A brain worm zombie (Crypt:1)
  A tengu skeleton (Crypt:3)
  An ogre skeleton (Crypt:1)
  A swamp drake zombie (Crypt:1)
  11 adders
  53 gnolls
  A naga simulacrum (D:12)
  2 shadow imps
  10 white imps
  9 ufetubi (Abyss:1)
  A jelly zombie (Crypt:2)
  An adder skeleton (Crypt:1)
  A lava snake skeleton (Crypt:1)
  A dart slug (D:2)
  2 ribbon worms
  67 orcs
  5 endoplasms
  6 giant cockroaches
  8 goblins
  8 hobgoblins
  6 jackals (D:5)
  3 quokkas
  5 ball pythons
  2 bats
  2 frilled lizards (D:1)
  A goblin skeleton (Crypt:3)
  10 kobolds
  5 rats
  A rat skeleton (Crypt:3)
  A rat zombie (Crypt:1)
  4 aspiring fleshes (Zot:1)
  12 fulminant prisms
  A lurking horror (Abyss:1)
  17 starspawn tentacles
  2 tentacles (Shoals:4)
3183 creatures vanquished.

Vanquished Creatures (collateral kills)
  An ancient lich (Crypt:1)
  5 orbs of fire (Zot:5)
  Boris (Depths:3)
  A curse toe (Zot:1)
  A caustic shrike (Depths:3)
  A golden dragon (Depths:3)
  A tentacled monstrosity (Depths:3)
  5 Orb Guardians
  A quicksilver dragon (Zot:1)
  2 sphinxes (Zot:3)
  A death cob (Zot:1)
  An acid blob (Slime:5)
  A shadow dragon (Zot:3)
  A tengu reaver (Depths:3)
  2 protean progenitors (Zot:1)
  An azure jelly (Slime:5)
  2 rockslimes (Slime:5)
  An iron dragon (Depths:3)
  2 draconian stormcallers (Zot:1)
  A reaper (Zot:5)
  2 green draconians (Zot:1)
  A purple draconian (Zot:1)
  2 red draconians
  A white draconian (Zot:3)
  A great orb of eyes (Slime:5)
  A hell knight (Depths:3)
  A sun demon (Hell)
  3 soul eaters
  A shining eye (Slime:5)
  2 moths of wrath
  A red devil (Hell)
  A glass eye (Depths:3)
  4 slime creatures (Slime:5)
  An aspiring flesh (Zot:1)
  40 boulders
94 creatures vanquished.

Vanquished Creatures (others)
  A thorn hunter (Abyss:3)
  A stone giant (Vaults:5)
  A vampire knight (Hell)
  A war gargoyle (Vaults:1)
  A thrashing horror (Abyss:1)
  A deep elf knight (Elf:2)
  2 humans (D:13)
  An orc priest (Vaults:5)
  47 boulders
  244 fulminant prisms
  2 lurking horrors (Abyss:1)
  10 starspawn tentacles
  5 tentacles (Shoals:4)
317 creatures vanquished.

Grand Total: 3594 creatures vanquished

Notes
Turn   | Place    | Note
-------+----------+-------------------------------------------
     0 | D:1      | bonscott the Djinni Conjurer began the quest for the Orb.
     0 | D:1      | bonscott set off with the following spells memorised: Magic
                  | Dart, Searing Ray, Fulminant Prism, Iskenderun's Mystic
                  | Blast.
     0 | D:1      | Reached XP level 1. HP: 15/15 MP: 0/0
   232 | D:1      | Reached XP level 2. HP: 19/21 MP: 0/0
   943 | D:2      | Reached XP level 3. HP: 22/25 MP: 0/0
   943 | D:2      | Learned a level 1 spell: Kiss of Death
   945 | D:2      | Reached XP level 4. HP: 26/31 MP: 0/0
  1890 | D:3      | Found a glowing golden altar of the Shining One.
  1890 | D:3      | Found a snail-covered altar of Cheibriados.
  2089 | D:3      | Reached skill level 5 in Spellcasting
  2089 | D:3      | Reached skill level 5 in Conjurations
  2089 | D:3      | Reached skill level 5 in Hexes
  2089 | D:3      | Reached skill level 5 in Summonings
  2089 | D:3      | Reached skill level 5 in Necromancy
  2089 | D:3      | Reached skill level 5 in Translocations
  2089 | D:3      | Reached skill level 5 in Fire Magic
  2089 | D:3      | Reached skill level 5 in Ice Magic
  2089 | D:3      | Reached skill level 5 in Air Magic
  2089 | D:3      | Reached skill level 5 in Earth Magic
  2089 | D:3      | Reached skill level 5 in Alchemy
  2089 | D:3      | Reached XP level 5. HP: 29/35 MP: 0/0
  2089 | D:3      | Learned a level 2 spell: Mercury Vapours
  2213 | D:3      | Identified the +5 robe of Action {Will++}
  2721 | D:4      | Found a staircase to the Ecumenical Temple.
  2822 | Temple   | Entered the Ecumenical Temple
  2832 | Temple   | Became a worshipper of Makhleb the Destroyer
  2928 | D:4      | Reached XP level 6. HP: 36/40 MP: 0/0
  3152 | D:4      | Reached skill level 1 in Fighting
  3335 | D:4      | Reached XP level 7. HP: 42/49 MP: 0/0
  3335 | D:4      | Learned a level 3 spell: Fugue of the Fallen
  3619 | D:5      | Entered Level 5 of the Dungeon
  3869 | D:5      | Reached * piety under Makhleb
  3870 | D:5      | Reached XP level 8. HP: 34/58 MP: 0/0
  4071 | D:5      | Found Kokez's Magic Scroll Shop.
  4415 | D:5      | Noticed Prince Ribbit
  4425 | D:5      | Killed Prince Ribbit
  4426 | D:5      | Reached skill level 5 in Fighting
  4588 | D:6      | Noticed Grinder
  4594 | D:6      | Killed Grinder
  4595 | D:6      | Reached XP level 9. HP: 40/66 MP: 0/0
  4595 | D:6      | Learned a level 4 spell: Brom's Barrelling Boulder
  4723 | D:6      | Identified the +1 whip "Eserak" {vamp, *Rage Str+2 Dex+3
                  | SInv}
  5110 | D:5      | Reached ** piety under Makhleb
  5802 | D:7      | Reached *** piety under Makhleb
  5829 | D:8      | Noticed Pikel
  5832 | D:8      | Noticed Psyche
  5834 | D:8      | Killed Pikel
  5835 | D:8      | Reached XP level 10. HP: 58/75 MP: 0/0
  5840 | D:8      | Killed Psyche
  5861 | D:8      | Noticed Maurice
  5899 | D:8      | Killed Maurice
  6205 | D:5      | Bought a scroll of fog for 48 gold pieces
  6205 | D:5      | Bought a scroll of fear for 48 gold pieces
  6205 | D:5      | Bought a scroll of revelation for 90 gold pieces
  6205 | D:5      | Bought a scroll of identify for 24 gold pieces
  6205 | D:5      | Bought a scroll of identify for 24 gold pieces
  6284 | D:7      | Reached skill level 10 in Spellcasting
  6284 | D:7      | Reached skill level 10 in Conjurations
  6284 | D:7      | Reached skill level 10 in Hexes
  6284 | D:7      | Reached skill level 10 in Summonings
  6284 | D:7      | Reached skill level 10 in Necromancy
  6284 | D:7      | Reached skill level 10 in Translocations
  6284 | D:7      | Reached skill level 10 in Fire Magic
  6284 | D:7      | Reached skill level 10 in Ice Magic
  6284 | D:7      | Reached skill level 10 in Air Magic
  6284 | D:7      | Reached skill level 10 in Earth Magic
  6284 | D:7      | Reached skill level 10 in Alchemy
  6296 | D:7      | Found a flagged portal.
  6306 | Bailey   | Entered a bailey
  6437 | Bailey   | Reached skill level 1 in Evocations
  6570 | Bailey   | Noticed a two-headed ogre
  6592 | Bailey   | Killed a two-headed ogre
  6593 | Bailey   | Reached skill level 5 in Dodging
  6711 | Bailey   | Reached XP level 11. HP: 56/81 MP: 0/0
  6711 | Bailey   | Learned a level 5 spell: Iskenderun's Battlesphere
  7103 | D:9      | Noticed a death yak
  7110 | D:9      | Noticed a death yak
  7111 | D:9      | Noticed a death yak
  7243 | D:8      | Identified the +4 mace "Qitwuvvuus" {freeze, rC+ Int-2
                  | Stlth+}
  7506 | D:9      | Killed a death yak
  7506 | D:9      | Killed a death yak
  7521 | D:9      | Killed a death yak
  7527 | D:9      | Reached **** piety under Makhleb
  7740 | D:9      | Found a staircase to the Lair.
  7754 | Lair:1   | Entered Level 1 of the Lair of Beasts
  7783 | Lair:1   | Reached XP level 12. HP: 61/89 MP: 0/0
  8017 | Lair:2   | Noticed Amaemon
  8035 | Lair:2   | Killed Amaemon
  8125 | Lair:2   | Found a dark tunnel.
  8137 | Volcano  | Entered a volcano
  8156 | Volcano  | Noticed an ogre mage
  8156 | Volcano  | Noticed a two-headed ogre
  8156 | Volcano  | Noticed a two-headed ogre
  8170 | Volcano  | Killed a two-headed ogre
  8172 | Volcano  | Noticed a hell knight
  8181 | Volcano  | Noticed a two-headed ogre
  8183 | Volcano  | Killed an ogre mage
  8192 | Volcano  | Noticed a two-headed ogre
  8205 | Volcano  | Killed a two-headed ogre
  8225 | Volcano  | Killed a two-headed ogre
  8250 | Volcano  | Killed a two-headed ogre
  8367 | Volcano  | Killed a hell knight
  8368 | Volcano  | Reached skill level 10 in Fighting
  8764 | Lair:5   | Entered Level 5 of the Lair of Beasts
  8784 | Lair:5   | Found a runed translucent gate.
  8784 | Lair:5   | Found a runed translucent gate.
  8784 | Lair:5   | Found a runed translucent gate.
  8785 | Lair:5   | Noticed Endbringerleviathan's ghost (journeyman NaFE)
  8786 | Lair:5   | Noticed a ten-headed hydra
  8807 | Lair:5   | Reached ***** piety under Makhleb
  8824 | Lair:5   | Reached XP level 13. HP: 59/96 MP: 0/0
  8824 | Lair:5   | Learned a level 5 spell: Freezing Cloud
  9217 | Lair:5   | Noticed a four-headed hydra
  9231 | Lair:5   | Killed a four-headed hydra
  9521 | Lair:5   | Noticed a seven-headed hydra
  9536 | Lair:5   | Killed a seven-headed hydra
 10035 | Lair:5   | Noticed a catoblepas
 10051 | Lair:5   | Killed a catoblepas
 10241 | Lair:5   | Noticed a four-headed hydra
 10255 | Lair:5   | Killed a four-headed hydra
 10256 | Lair:5   | Reached XP level 14. HP: 94/106 MP: 0/0
 10440 | Lair:5   | Reached skill level 10 in Dodging
 10441 | Lair:5   | Reached ****** piety under Makhleb
 10539 | Lair:5   | Got an earthy gem with 1515 turns to spare
 11210 | Lair:5   | Killed Endbringerleviathan's ghost
 11854 | Lair:4   | Found a staircase to the Slime Pits.
 12199 | Lair:3   | Found a staircase to the Snake Pit.
 12527 | Lair:3   | Reached skill level 15 in Spellcasting
 12527 | Lair:3   | Reached skill level 15 in Conjurations
 12527 | Lair:3   | Reached skill level 15 in Hexes
 12527 | Lair:3   | Reached skill level 15 in Summonings
 12527 | Lair:3   | Reached skill level 15 in Necromancy
 12527 | Lair:3   | Reached skill level 15 in Translocations
 12527 | Lair:3   | Reached skill level 15 in Fire Magic
 12527 | Lair:3   | Reached skill level 15 in Ice Magic
 12527 | Lair:3   | Reached skill level 15 in Air Magic
 12527 | Lair:3   | Reached skill level 15 in Earth Magic
 12527 | Lair:3   | Reached skill level 15 in Alchemy
 12543 | Lair:3   | Reached skill level 5 in Armour
 13012 | Lair:2   | Reached XP level 15. HP: 103/114 MP: 0/0
 13012 | Lair:2   | Learned a level 6 spell: Eringya's Noxious Bog
 13442 | Lair:2   | Found a staircase to the Shoals.
 14116 | Lair:1   | Identified a scroll of acquirement
 14279 | Lair:1   | Identified the +9 dagger "Dozxevo" {venom, ^Drain rN++
                  | Str+2 Int-2}
 15025 | D:10     | Entered Level 10 of the Dungeon
 15053 | D:10     | Found a staircase to the Orcish Mines.
 15057 | D:10     | Found Jyrus's Armour Shop.
 15286 | Orc:1    | Entered Level 1 of the Orcish Mines
 15341 | Orc:2    | Entered Level 2 of the Orcish Mines
 15372 | Orc:2    | Found Wudetucw's Antique Weapon Boutique.
 15372 | Orc:2    | Found Volix's Weapon Shop.
 15380 | Orc:2    | Found Lannuegg's Antique Armour Shop.
 15408 | Orc:2    | Found Qungevuig's Magic Scroll Boutique.
 15547 | Orc:2    | Reached skill level 10 in Armour
 15864 | Orc:2    | Reached skill level 1 in Shields
 16001 | Orc:2    | Found a shimmering altar of Xom.
 16002 | Orc:2    | Found a staircase to the Elven Halls.
 16364 | Orc:1    | Found Quemoc's Book Shoppe.
 16770 | Orc:2    | Bought a scroll of identify for 26 gold pieces
 16771 | Orc:2    | Bought a scroll of revelation for 97 gold pieces
 16771 | Orc:2    | Bought a scroll of teleportation for 39 gold pieces
 16796 | Orc:2    | Bought a shiny helmet for 225 gold pieces
 16894 | D:10     | Found Bofuqedgh's Assorted Antiques.
 17104 | D:12     | Reached skill level 5 in Shields
 17197 | D:12     | Found a frozen archway.
 17217 | IceCv    | Entered an ice cave
 17418 | IceCv    | Reached XP level 16. HP: 121/121 MP: 0/0
 17464 | IceCv    | Noticed a frost giant
 17482 | IceCv    | Killed a frost giant
 18022 | D:12     | Noticed Sonja
 18026 | D:12     | Killed Sonja
 18312 | D:15     | Entered Level 15 of the Dungeon
 18344 | D:15     | Noticed Jorgrun
 18369 | D:15     | Killed Jorgrun
 18384 | D:15     | Found a staircase to the Depths.
 18388 | D:15     | Noticed a fire giant
 18392 | D:15     | Got a smoky gem with 152 turns to spare
 19298 | D:6      | Noticed Maggie
 19305 | D:6      | Killed Maggie
 19355 | D:6      | Acquired a +2 buckler of reflection
 20528 | D:10     | Found Fapsiol's Jewellery Boutique.
 20631 | D:10     | Noticed Fannar
 20639 | D:10     | Killed Fannar
 20640 | D:10     | Reached skill level 10 in Shields
 20795 | D:10     | Found Kareeck's Magic Scroll Boutique.
 20912 | D:10     | Found Qoma Baweq's Book Shoppe.
 21023 | D:10     | Noticed Erolcha
 21027 | D:10     | Killed Erolcha
 21652 | D:12     | Noticed Nergalle
 21667 | D:12     | Killed Nergalle
 21789 | D:12     | Noticed Josephine
 21797 | D:12     | Killed Josephine
 22024 | D:12     | Found a blossoming altar of Fedhas.
 22621 | D:13     | Found a glowing golden altar of the Shining One.
 22969 | D:13     | Found a gate to the Vaults.
 23461 | D:14     | Reached XP level 17. HP: 109/127 MP: 0/0
 23461 | D:14     | Learned a level 6 spell: Sculpt Simulacrum
 24277 | D:14     | Noticed Agnes
 24287 | D:14     | Killed Agnes
 24659 | D:15     | Found a basalt altar of Yredelemnul.
 25184 | D:9      | Acquired the +0 pair of gloves of Beogh, Muttering {rPois
                  | rN+ Will+ rCorr Str-2}
 25247 | Snake:1  | Entered Level 1 of the Snake Pit
 25252 | Snake:1  | Identified the +2 kite shield of the Great Game {Str+2}
 25252 | Snake:1  | Noticed Donald
 25253 | Snake:1  | Found a sacrificial altar of Ru.
 25262 | Snake:1  | Killed Donald
 25313 | Snake:1  | Noticed Mlioglotl
 25322 | Snake:1  | Killed Mlioglotl
 25421 | Snake:4  | Entered Level 4 of the Snake Pit
 25544 | Snake:4  | Reached XP level 18. HP: 127/135 MP: 0/0
 25826 | Snake:4  | Got a jade gem with 1822 turns to spare
 25828 | Snake:4  | Got a serpentine rune of Zot
 26204 | Snake:4  | Noticed Mara
 26216 | Snake:4  | Killed Mara
 26230 | Snake:4  | Found Ceaplu's Antique Armour Boutique.
 26292 | Snake:4  | Noticed Vashnia
 26933 | Snake:4  | Killed Vashnia
 27457 | Snake:3  | Reached XP level 19. HP: 137/140 MP: 0/0
 27457 | Snake:3  | Learned a level 6 spell: Starburst
 27899 | Snake:2  | Identified the serpent talisman of the Dolphin {Will+ Int-4
                  | Dex+3 Stlth+}
 27899 | Snake:2  | Noticed Aizul
 27908 | Snake:2  | Killed Aizul
 28079 | Snake:2  | Noticed Frances
 28089 | Snake:2  | Killed Frances
 28972 | Snake:1  | Noticed Louise
 28977 | Snake:1  | Killed Louise
 29095 | Snake:1  | Noticed a tentacled monstrosity
 29109 | Snake:1  | Reached skill level 15 in Fighting
 29109 | Snake:1  | Killed a tentacled monstrosity
 29697 | Shoals:1 | Entered Level 1 of the Shoals
 29816 | Shoals:1 | Identified the +0 helmet of the Ward {^Contam Int+3}
 30355 | Shoals:3 | Reached XP level 20. HP: 113/149 MP: 0/0
 30538 | Shoals:3 | Found Pitod's CLEARANCE SALE!.
 30544 | Shoals:3 | Bought 6 boomerangs for 48 gold pieces
 30544 | Shoals:3 | Bought a potion of brilliance for 16 gold pieces
 30544 | Shoals:3 | Bought a potion of mutation for 32 gold pieces
 30556 | Shoals:4 | Entered Level 4 of the Shoals
 30557 | Shoals:4 | Noticed Ilsuiw
 30572 | Shoals:4 | Reached skill level 15 in Shields
 30572 | Shoals:4 | Killed Ilsuiw
 30719 | Shoals:4 | Reached skill level 15 in Armour
 30743 | Shoals:4 | Got an azure gem with 771 turns to spare
 30746 | Shoals:4 | Got a barnacled rune of Zot
 32117 | Shoals:2 | Noticed Nikola
 32243 | Shoals:2 | Killed Nikola
 32599 | Shoals:1 | You are sucked into a shaft and drop 1 floor!
 32656 | Shoals:1 | Found a runed translucent door.
 32664 | Shoals:1 | Identified the +1 chain mail of the Bard {+Inv Int+3}
 32676 | Shoals:1 | Noticed AtomicRavioli's ghost (adept OnFi)
 32735 | Shoals:1 | Reached skill level 1 in Throwing
 32855 | Shoals:1 | Killed AtomicRavioli's ghost
 32935 | Shoals:1 | Identified the +4 lajatang "Riowup" {flame, Dex+2}
 33219 | Elf:1    | Entered Level 1 of the Elven Halls
 33225 | Elf:1    | Reached XP level 21. HP: 142/157 MP: 0/0
 33225 | Elf:1    | Learned a level 7 spell: Spellforged Servitor
 33525 | Elf:1    | Noticed Gwimweeper's ghost (adept MiBe)
 33526 | Elf:1    | Found a runed translucent gate.
 33527 | Elf:1    | Found a runed translucent gate.
 33528 | Elf:1    | Found a runed translucent gate.
 33534 | Elf:1    | Found an iron altar of Okawaru.
 33607 | Elf:3    | Entered Level 3 of the Elven Halls
 33656 | Elf:3    | Found Gip Emis's Antique Weapon Shoppe.
 33907 | Elf:3    | Found Tuwowiy's Elven Fire.
 34530 | Elf:3    | Identified the +9 morningstar of Reinforcement {pain, Str+3
                  | Int+3}
 34787 | Elf:3    | Reached skill level 5 in Throwing
 34840 | Elf:3    | Identified the +8 orcbow of Qatyg {heavy, Fly Will+}
 34889 | Elf:3    | Got a shimmering gem with 131 turns to spare
 35060 | Elf:3    | Identified the +5 sling of Causality {flame, rElec rF- rN+}
 35904 | Elf:1    | Paralysed by an air elemental for 1 turns
 36252 | Elf:1    | Reached XP level 22. HP: 163/164 MP: 0/0
 37001 | Elf:2    | Noticed Roxanne
 37031 | Elf:2    | Killed Roxanne
 37129 | Elf:2    | Found a runed translucent gate.
 37130 | Elf:2    | Found a runed translucent gate.
 37130 | Elf:2    | Found a runed translucent gate.
 37392 | Elf:2    | Reached skill level 5 in Evocations
 37403 | Elf:2    | Identified the blade talisman of Janaxeog {Str+2}
 38488 | Vaults:1 | Entered Level 1 of the Vaults
 39408 | Vaults:3 | Found a magical portal.
 39418 | WizLab   | Entered Zonguldrok's Shrine
 40027 | WizLab   | Reached skill level 10 in Throwing
 40202 | WizLab   | Noticed an antique champion
 40202 | WizLab   | Noticed an antique champion
 40225 | WizLab   | Killed an antique champion
 40229 | WizLab   | Killed an antique champion
 40451 | WizLab   | Identified the +12 plate armour of Ypucow {rF+ rC+ rCorr}
 40641 | Vaults:3 | Reached XP level 23. HP: 156/169 MP: 0/0
 40641 | Vaults:3 | Learned a level 8 spell: Infestation
 41039 | Vaults:4 | Found a crumbling gateway.
 41140 | Desolati | Entered the Desolation of Salt
 41326 | Desolati | Identified the +5 morningstar of Execution {vamp, SInv}
 42027 | Desolati | Reached skill level 10 in Evocations
 42553 | Desolati | Identified the ring of Suspicion {Will+ rCorr MP+9 Int+2
                  | Dex-3}
 42576 | Desolati | Identified the +4 ring mail of Cag Vol {-Cast rF+ rN+
                  | Str+5}
 42634 | Desolati | Identified the ring "Zegu" {rPois rF++}
 42700 | Desolati | Identified the ring "Lesorri Ora" {Fire rElec Int+4 Dex+5
                  | Slay+2}
 42756 | Desolati | Identified the +3 trident of Woroq {protect, rC- rN+++
                  | Dex-2 Stlth+}
 42760 | Desolati | Identified the ring "Bewkuyso" {rElec Will+}
 42764 | Desolati | Identified the ring "Hestre" {rC+ MP+9 AC+4}
 43110 | Vaults:4 | Found Tiuhuguthu's Book Emporium.
 43136 | Vaults:5 | Entered Level 5 of the Vaults
 43233 | Vaults:5 | Reached XP level 24. HP: 158/175 MP: 0/0
 43436 | Vaults:5 | Noticed Jory
 43455 | Vaults:5 | Killed Jory
 43769 | Vaults:5 | Identified the +3 orcbow "Quovakk" {elec, rN+++ Str-3
                  | Dex-3}
 43769 | Vaults:5 | Identified the +2 shortbow "Jelly's Bane" {flame, Fly}
 44413 | Vaults:5 | Found Ryojan's Magic Scroll Emporium.
 44420 | Vaults:5 | Found Ockakiof's Magic Scroll Shop.
 44427 | Vaults:5 | Identified the +0 leather armour of Syniplao {Rampage
                  | Slay-3 SInv}
 44432 | Vaults:5 | Noticed Saint Roka
 44447 | Vaults:5 | Killed Saint Roka
 44765 | Vaults:5 | Identified the ring "Rieskatryu" {rC+ rN++ Will+}
 44798 | Vaults:5 | Identified the +7 chain mail of Fageir {Str+4}
 45026 | Vaults:5 | Identified the staff "Ranah" {rPois rF+ Fire}
 45081 | Vaults:5 | Found Neogexok's Distillery.
 45468 | Vaults:5 | Bought 3 potions of heal wounds for 210 gold pieces
 45468 | Vaults:5 | Bought a potion of haste for 140 gold pieces
 45468 | Vaults:5 | Bought a potion of haste for 140 gold pieces
 45483 | Vaults:5 | Bought a scroll of blinking for 90 gold pieces
 45521 | Vaults:5 | Found Docots's Distillery.
 45525 | Vaults:5 | Bought a potion of heal wounds for 100 gold pieces
 45525 | Vaults:5 | Bought a potion of curing for 60 gold pieces
 45792 | Vaults:5 | Got a silver rune of Zot
 46223 | Vaults:5 | Bought a scroll of teleportation for 48 gold pieces
 46223 | Vaults:5 | Bought a scroll of blinking for 120 gold pieces
 46292 | Vaults:5 | Bought a scroll of enchant armour for 120 gold pieces
 46292 | Vaults:5 | Bought a scroll of torment for 152 gold pieces
 46358 | Vaults:5 | Bought a potion of might for 56 gold pieces
 46358 | Vaults:5 | Bought a potion of might for 56 gold pieces
 46372 | Vaults:5 | Bought a scroll of immolation for 48 gold pieces
 46372 | Vaults:5 | Bought a scroll of immolation for 48 gold pieces
 46372 | Vaults:5 | Bought a scroll of torment for 114 gold pieces
 46651 | Vaults:3 | Reached XP level 25. HP: 173/181 MP: 0/0
 46651 | Vaults:3 | Learned a level 8 spell: Ignition
 47726 | Vaults:3 | Identified the death talisman of Dust Devil {rElec}
 49392 | Vaults:2 | Found a staircase to the Crypt.
 49751 | Vaults:2 | Found a transporter.
 49774 | Vaults:2 | Found a transporter.
 49775 | Vaults:2 | Found Gies Jus's Armour Shop.
 51512 | Vaults:4 | Bought a manual of Air Magic for 1520 gold pieces
 51779 | D:10     | Bought a scroll of enchant armour for 112 gold pieces
 51779 | D:10     | Bought a scroll of summoning for 142 gold pieces
 51855 | D:10     | Bought a scroll of enchant armour for 225 gold pieces
 51855 | D:10     | Bought a scroll of enchant armour for 225 gold pieces
 51948 | D:5      | Bought a scroll of blinking for 90 gold pieces
 51948 | D:5      | Bought a scroll of teleportation for 36 gold pieces
 51948 | D:5      | Bought a scroll of summoning for 114 gold pieces
 52143 | Depths:1 | Entered Level 1 of the Depths
 52187 | Depths:1 | Reached XP level 26. HP: 166/187 MP: 0/0
 52201 | Depths:1 | Found a gateway to Hell.
 52387 | Depths:1 | Found Figem's Magic Scroll Emporium.
 52439 | Depths:1 | Found a portal to a secret trove of treasure.
 52477 | Depths:1 | You paid a toll of 6 scrolls of fog to enter a treasure
                  | trove
 52478 | Trove    | Entered a treasure trove
 52559 | Trove    | Reached XP level 27. HP: 193/193 MP: 0/0
 52559 | Trove    | Learned a level 9 spell: Dragon's Call
 52589 | Depths:1 | Bought a scroll of fog for 60 gold pieces
 52731 | Depths:4 | Entered Level 4 of the Depths
 52889 | Depths:4 | Found a gate to the Realm of Zot.
 52995 | Depths:4 | Reached skill level 27 in Spellcasting
 53215 | Depths:4 | Got a midnight gem with 2024 turns to spare
 54783 | Depths:3 | Reached skill level 27 in Air Magic
 55594 | Depths:3 | Noticed Boris
 55609 | Depths:3 | Killed Boris
 56130 | Depths:3 | Identified the staff "Jeodgh Luur" {rC+ Dex+3 Ice}
 56242 | Depths:3 | Found a one-way gate to the infinite horrors of the Abyss.
 56546 | Depths:2 | Found a transporter.
 56569 | Depths:2 | Noticed Asterion
 56586 | Depths:2 | Killed Asterion
 56740 | Depths:2 | Found Podeci's General Store.
 56888 | Depths:2 | Found a transporter.
 56892 | Depths:2 | Found Fism's Assorted Antiques.
 56947 | Depths:2 | Found a one-way gate leading to the halls of Pandemonium.
 57126 | Depths:2 | Bought a scroll of blinking for 135 gold pieces
 57468 | Depths:2 | Identified the +0 hat of Inaction {Harm +Blink rPois}
 57587 | Depths:1 | Identified the +7 bardiche of Ykaniyta {drain, rCorr Dex+3}
 57712 | Depths:1 | Found a one-way gateway to a ziggurat.
 58060 | Depths:1 | You are sucked into a shaft and drop 1 floor!
 58210 | Depths:1 | Bought a scroll of enchant armour for 112 gold pieces
 58210 | Depths:1 | Bought a scroll of revelation for 112 gold pieces
 58484 | Elf:1    | Killed Gwimweeper's ghost
 59300 | Crypt:1  | Entered Level 1 of the Crypt
 59317 | Crypt:1  | Reached skill level 27 in Conjurations
 59317 | Crypt:1  | Reached skill level 27 in Hexes
 59317 | Crypt:1  | Reached skill level 27 in Summonings
 59317 | Crypt:1  | Reached skill level 27 in Necromancy
 59317 | Crypt:1  | Reached skill level 27 in Translocations
 59317 | Crypt:1  | Reached skill level 27 in Fire Magic
 59317 | Crypt:1  | Reached skill level 27 in Ice Magic
 59317 | Crypt:1  | Reached skill level 27 in Earth Magic
 59317 | Crypt:1  | Reached skill level 27 in Alchemy
 59410 | Crypt:1  | Identified the scarf of the Saviour {shadows, Will+}
 59667 | Crypt:3  | Entered Level 3 of the Crypt
 59677 | Crypt:3  | Noticed Zenata
 59683 | Crypt:3  | Killed Zenata
 59796 | Crypt:3  | Noticed Grunn
 59800 | Crypt:3  | Killed Grunn
 60051 | Crypt:3  | Identified the +9 sling of the Walnut {flame, rN+ Str+6}
 60243 | Crypt:3  | Found a basalt altar of Yredelemnul.
 60254 | Crypt:3  | Got an ivory gem with 848 turns to spare
 60283 | Crypt:3  | Identified the +2 spear of Actus Reus {heavy, rF+ Int+3
                  | Dex+2}
 60284 | Crypt:3  | Identified the ring of Yteutz {rF- rN+ rCorr Dex+4}
 60284 | Crypt:3  | Identified the ring of Geefy {rN+ Str-5 Int+7}
 61150 | Crypt:3  | Found a staircase to the Tomb.
 61267 | Crypt:2  | Reached skill level 15 in Evocations
 61856 | Crypt:1  | Found a runed translucent door.
 61857 | Crypt:1  | Noticed an ancient lich
 62434 | Crypt:1  | Killed an ancient lich
 62640 | D:15     | Acquired 650 gold pieces
 62859 | Slime:1  | Entered Level 1 of the Pits of Slime
 63009 | Slime:5  | Entered Level 5 of the Pits of Slime
 63110 | Slime:5  | Noticed the Royal Jelly
 63120 | Slime:5  | Killed the Royal Jelly
 63488 | Slime:5  | Got a slimy rune of Zot
 63493 | Slime:5  | Identified the +8 whip "Osmuf" {elec, Will+}
 63520 | Slime:5  | Identified the +1 leather armour "Jifuek" {^Contam *Slow
                  | +Inv rF+++}
 63586 | Slime:5  | Identified the +3 great mace of a Labyrinth {freeze, Str+2}
 64926 | Depths:3 | Voluntarily entered the Abyss.
 65218 | Abyss:1  | Reached skill level 15 in Throwing
 65885 | Abyss:1  | Reached skill level 5 in Stealth
 65965 | Depths:3 | Escaped the Abyss
 66172 | Depths:3 | Voluntarily entered the Abyss.
 66247 | Abyss:1  | Found a corrupted altar of Lugonu.
 66521 | Abyss:1  | Gained mutation: Your body sometimes deteriorates upon
                  | taking damage. [a cacodemon]
 66747 | Depths:3 | Escaped the Abyss
 67043 | D:15     | Lost mutation: Your body sometimes deteriorates upon taking
                  | damage. [potion of mutation]
 67043 | D:15     | Gained mutation: You have sharp fingernails. [potion of
                  | mutation]
 67119 | Depths:3 | Voluntarily entered the Abyss.
 67119 | Abyss:1  | Found a corrupted altar of Lugonu.
 67238 | Abyss:1  | Reached skill level 1 in Shapeshifting
 67543 | Abyss:1  | Noticed a dread lich
 67762 | Abyss:1  | Reached skill level 5 in Shapeshifting
 67812 | Abyss:1  | Found a corrupted altar of Lugonu.
 68148 | Abyss:1  | Found a corrupted altar of Lugonu.
 68184 | Abyss:1  | Found a corrupted altar of Lugonu.
 68184 | Abyss:1  | Found a corrupted altar of Lugonu.
 68396 | Abyss:1  | Found a corrupted altar of Lugonu.
 68638 | Depths:3 | Escaped the Abyss
 68799 | Depths:3 | Voluntarily entered the Abyss.
 68832 | Depths:3 | Escaped the Abyss
 68834 | Depths:3 | Voluntarily entered the Abyss.
 68955 | Depths:3 | Escaped the Abyss
 69043 | Depths:3 | Voluntarily entered the Abyss.
 69083 | Abyss:2  | Found a hide-covered altar of Uskayaw.
 69112 | Abyss:2  | Found a corrupted altar of Lugonu.
 69368 | Depths:3 | Escaped the Abyss
 69525 | Depths:3 | Voluntarily entered the Abyss.
 69587 | Abyss:3  | Got an abyssal rune of Zot
 69742 | Depths:3 | Escaped the Abyss
 69877 | Hell     | Entered the Vestibule of Hell
 69877 | Hell     | Noticed Geryon
 69898 | Hell     | Killed Geryon
 70265 | Hell     | Reached skill level 15 in Dodging
 70453 | Hell     | Found a gateway to the Iron City of Dis.
 70491 | Hell     | Found a gateway to the ashen valley of Gehenna.
 70532 | Hell     | Found a gateway to the freezing wastes of Cocytus.
 70564 | Hell     | Found a gateway to the decaying netherworld of Tartarus.
 70677 | Zot:1    | Entered Level 1 of the Realm of Zot
 71457 | Zot:2    | Found a glowing silver altar of Zin.
 72652 | Zot:1    | Identified the +1 ring mail "Byosyed" {^Drain Str-2 Int+8
                  | Dex+3}
 73089 | Zot:3    | Identified the +8 short sword "Noje" {flame, ^Drain rC-
                  | rN+++ Str+8}
 73113 | Zot:3    | You are sucked into a shaft and drop 1 floor!
 73465 | Zot:4    | Noticed a Killer Klown
 73483 | Zot:4    | Killed a Killer Klown
 74495 | Zot:3    | Noticed an orb of fire
 74509 | Zot:3    | Killed an orb of fire
 74938 | Zot:3    | Acquired a manual of Shields
 74940 | Zot:3    | Acquired a manual of Shields
 74969 | Zot:5    | Entered Level 5 of the Realm of Zot
 75350 | Zot:5    | Noticed an ancient lich
 75505 | Zot:5    | Noticed an ancient lich
 75511 | Zot:5    | Noticed an orb of fire
 75516 | Zot:5    | Gained mutation: Your body sometimes deteriorates upon
                  | taking damage. [an orb of fire]
 75517 | Zot:5    | Noticed an orb of fire
 75751 | Zot:5    | Killed an orb of fire
 75914 | Zot:5    | Killed an ancient lich
 76105 | Zot:5    | Noticed a Killer Klown
 76180 | Zot:5    | Gained mutation: You occasionally lose the ability to drink
                  | potions when taking damage. [an orb of fire]
 76194 | Zot:5    | Killed an orb of fire
 76335 | Zot:5    | Noticed an orb of fire
 76428 | Zot:5    | Killed a Killer Klown
 76494 | Zot:5    | Killed an orb of fire
 76564 | Zot:5    | Noticed a dread lich
 76575 | Zot:5    | Noticed an orb of fire
 76581 | Zot:5    | Killed an orb of fire
 76670 | Zot:5    | Noticed a Killer Klown
 76679 | Zot:5    | Killed a Killer Klown
 77422 | Zot:5    | Killed an ancient lich
 77491 | Zot:5    | Killed a dread lich
 77631 | Zot:5    | Noticed an orb of fire
 77632 | Zot:5    | Gained mutation: You are occasionally teleported next to
                  | monsters. [an orb of fire]
 77636 | Zot:5    | Noticed an orb of fire
 77637 | Zot:5    | Noticed an orb of fire
 77644 | Zot:5    | Noticed a Killer Klown
 77645 | Zot:5    | Noticed a Killer Klown
 77648 | Zot:5    | Killed a Killer Klown
 77648 | Zot:5    | Noticed an orb of fire
 77650 | Zot:5    | Gained mutation: You occasionally lose the ability to read
                  | scrolls when taking damage. [an orb of fire]
 77650 | Zot:5    | Killed an orb of fire
 77652 | Zot:5    | Killed a Killer Klown
 77657 | Zot:5    | Killed an orb of fire
 77688 | Zot:5    | Killed an orb of fire
 77719 | Zot:5    | Noticed a dread lich
 77729 | Zot:5    | Killed a dread lich
 77861 | Zot:5    | Gained mutation: You are frail. (-10% HP) [an orb of fire]
 77868 | Zot:5    | Killed an orb of fire
 78474 | Zot:5    | Got the Orb of Zot
 78969 | D:$      | Escaped with the Orb!

Illustrated notes

Levels and vault maps discovered:
D:1:      nicolae_arrival_somewhat_less_tricky_arrival, layout_loops_corners,
          grunt_decor_junction
D:2:      layout_basic, minmay_diced_spiral
D:3:      layout_loops_ring, nicolae_overflow_squiral
D:4:      minmay_angry_zag, layout_basic, minmay_temple_entry_arrows,
          grunt_ministairs_3, serial_park_tiny_pond
D:5:      layout_cave_pools, serial_gnoll_camp, gnoll_camp_huts_moat,
          gnoll_camp_mini_shop, gnoll_camp_mini_sergeant, gnoll_camp_mini_hut,
          uniq_prince_ribbit1
D:6:      layout_cave_pools, uniq_maggie, uniq_grinder
D:7:      statuecave_lemuel, layout_basic, enter_bailey_2
D:8:      layout_basic, uniq_pikel, uniq_psyche, uniq_maurice
D:9:      layout_loops_ring, dpeg_lair_monsters
D:10:     layout_long_grid, orc_david_3, serial_shops, nicolae_shop_trees,
          nicolae_take_the_stairs, nicolae_shop_back_alley_shop, shop,
          uniq_erolcha, uniq_fannar
D:11:     layout_basic
D:12:     layout_roguey, portal_ice_cave_entry_ice_simulacra,
          chequers_decorated_corner, moated_statue, tgw_fedhas, uniq_josephine,
          uniq_nergalle, uniq_sonja
D:13:     layout_basic, ximxim_vaults_locker_room, special_room
          [special_room_bee], tso_oasis_becter
D:14:     layout_stronghold, ebering_dispersal_statue_hall,
          minmay_alternating_orb, uniq_agnes
D:15:     grunt_enter_depths_giant_problem, layout_basic,
          yredelemnul_altar_generic, uniq_jorgrun
Temple:   nicolae_temple_slightly_damp_pantheon
Lair:1:   regret_index_malice_mire, layout_chaotic_city, serial_forest,
          infiniplex_forest_straight_2, infiniplex_forest_end_2,
          infiniplex_forest_lined_2, infiniplex_forest_end_3, grunt_megastairs_3
Lair:2:   layout_small_grid, elwin_shoals_entry_rooms,
          nicolae_volcano_entry_two_sided, dreamdust_mushroom_princess,
          columned_hall_lemuel, minivault_19, serial_bayou_shore_b,
          lemuel_fruit_fields, uniq_amaemon
Lair:3:   layout_misc_corridors, guppyfry_snake_entry_island
Lair:4:   layout_loops_ring, slime_entry_1
Lair:5:   hangedman_lair_in_review, layout_long_grid,
          hangedman_lair_caniforms_friends, gammafunk_ghost_hydra_chop,
          nicolae_lair_run_with_the_wolves
Shoals:1: layout_shoals, ebering_ghost_reflecting_pool
Shoals:2: layout_shoals, uniq_nikola
Shoals:3: layout_shoals, nicolae_shoals_land_atoll, nicolae_shop_clearance
Shoals:4: shoals_end_hangedman, layout_shoals, shoal_ilsuiw,
          nicolae_shoals_the_drawing_of_the_three
Snake:1:  onia_ninara_swampy_vault, layout_misc_corridors, basic_altar,
          uniq_donald, uniq_louise, uniq_mlioglotl
Snake:2:  layout_honeycomb, uniq_frances, uniq_aizul
Snake:3:  layout_cave_pods, serial_bayou_shore_a
Snake:4:  minmay_snake_end_coiled, layout_layer_cave, serial_shops, shop,
          guppyfry_snake_island, serial_bayou_shore_b, serial_bayou_shore_b,
          uniq_vashnia, uniq_mara
Slime:1:  layout_caves
Slime:2:  cheibrodos_slime_lost_civilization_3, layout_caves
Slime:3:  layout_caves, basic_altar
Slime:4:  layout_caves
Slime:5:  slime_pit
Orc:1:    layout_diamond_mine, serial_shops, shop, nicolae_orc_lava_room
Orc:2:    st_orc_mages, layout_caves, basic_altar
Elf:1:    nicolae_elf_arrival_fired_up, layout_gridlike,
          gammafunk_ghost_fury_of_okawaru, kennysheep_underground_church
Elf:2:    nicolae_elf_blades_crystal_corner, layout_rooms, lemuel_elevator,
          uniq_roxanne
Elf:3:    grunt_elf_hall_branching, layout_gridlike, serial_shops, shop,
          guppyfry_elf_lava
Vaults:1: v_misc_13, v_misc_29, nicolae_vaults_network_star,
          nicolae_vaults_offset_grid_hallway_4,
          nicolae_vaults_heart-shaped_vault, vaults_mumra_hex,
          vaults_room_stairs_pillars, vaults_mumra_lcd,
          nicolae_vaults_tetromino_Z_2, nicolae_vaults_swerve, v_rooms_2,
          nicolae_vaults_network_quincunx
          [nicolae_vaults_network_quincunx_subvault,
          nicolae_vaults_network_quincunx_subvault,
          nicolae_vaults_network_quincunx_subvault,
          nicolae_vaults_network_quincunx_subvault,
          nicolae_vaults_network_quincunx_subvault], ontoclasm_vaults_pinch,
          layout_vaults_omnibox
Vaults:2: v_misc_15, vaults_room_pools, nicolae_vaults_hexular_roomagon,
          hangedman_vaults_river_flow, nicolae_vaults_apartment_2, v_misc_17,
          minmay_crypt_entry_simple_corners, vaults_room_hallway,
          layout_vaults_chaotic_city, serial_shops, nicolae_shop_drivethru,
          serial_glass
Vaults:3: infiniplex_enter_wizlab_spiral, v_misc_23, vaults_dpeg_emergency_exit,
          nicolae_vaults_trapezoid_lopsided_1, grunt_vaults_focal,
          nicolae_vaults_sealed_display, nicolae_vaults_storage_closets_3,
          v_misc_30, nicolae_vaults_quartermaster,
          nicolae_vaults_ring_of_whatevers, layout_vaults_omnicross
Vaults:4: portal_desolation_entry_nicolae_nacl, vaults_room_grid,
          vaults_room_octagon, v_pattern_3, nicolae_vaults_mini_display_case,
          vaults_room_hallway, nicolae_vaults_stepped_doors,
          ontoclasm_vaults_shout, layout_vaults_omnigrid, serial_shops, shop
Vaults:5: uniq_jory, uniq_saint_roka, uniq_margery
Crypt:1:  cheibrodos_crypt_cold_storage, layout_chaotic_city,
          serial_library_hellmonk_room_b, amcnicky_mini_corridor_feature,
          grunt_ministairs_14, st_stairs_12
Crypt:2:  layout_chaotic_city
Crypt:3:  lightli_unholy_cathedral, layout_chaotic_city,
          tomb_entry_pyramid_bobbens, uniq_zenata, uniq_grunn
Depths:1: layout_big_octagon, enter_ziggurat_b, grunt_mini_vestibule,
          nicolae_trove_entry_crossroad, hangedman_decor_growths, serial_shops,
          shop, nicolae_guarded_unrand_lochaber, grunt_megastairs_4,
          serial_bayou_shore_b
Depths:2: gammafunk_sealed_arena, layout_cave_pools, hell_entry,
          grunt_pan_entry_sceptre, serial_shops, nicolae_shop_waterfront,
          minmay_shop_star, uniq_asterion
Depths:3: minmay_octagon_city, layout_gridlike, minmay_misc_feat_rows,
          abyss_entry_crystal, hell_entry, uniq_boris
Depths:4: grunt_crosshair, layout_gridlike, hell_entry,
          serial_sigils_hangedman_snap
Hell
Zot:1:    layout_cathedral_of_symmetry
Zot:2:    layout_onion_interference, basic_altar
Zot:3:    hangedman_zot_vaults_quadrants, layout_onion_interference
Zot:4:    kennysheep_spiral_hall, layout_basic, regret_index_zotdec_wing_it,
          regret_index_zotdec_silver_v_v_loose
Zot:5:    layout_gridlike

Skill      XL: |  1  2  3  4  5  6  7  8  9 10 11 12 13 14 15 16 17 18 19 20 21 22 23 24 25 26 27 |
---------------+----------------------------------------------------------------------------------+-----
Spellcasting   | 4 5 6 7 9 10 11 13 14 15 16 17 18 19 22 25 27 | 27.0
Conjurations   | 4 5 6 7 9 10 11 13 14 15 16 17 18 19 21 23 27 | 27.0
Hexes          | 4 5 6 7 9 10 11 13 14 15 16 17 18 19 21 23 27 | 27.0
Summonings     | 4 5 6 7 9 10 11 13 14 15 16 17 18 19 21 23 27 | 27.0
Necromancy     | 4 5 6 7 9 10 11 13 14 15 16 17 18 19 21 23 27 | 27.0
Translocations | 4 5 6 7 9 10 11 13 14 15 16 17 18 19 21 23 27 | 27.0
Fire Magic     | 4 5 6 7 9 10 11 13 14 15 16 17 18 19 21 23 27 | 27.0
Ice Magic      | 4 5 6 7 9 10 11 13 14 15 16 17 18 19 21 23 27 | 27.0
Air Magic      | 4 5 6 7 9 10 11 13 14 15 16 17 18 19 21 23 27 | 27.0
Earth Magic    | 4 5 6 7 9 10 11 13 14 15 16 17 18 19 21 23 27 | 27.0
Alchemy        | 4 5 6 7 9 10 11 13 14 15 16 17 18 19 21 23 27 | 27.0
Fighting       | 2 4 6 7 8 9 10 11 13 14 15 16 20 | 20.3
Dodging        | 4 5 6 9 10 12 13 16 | 16.0
Evocations     | 4 9 11 12 20 | 20.0
Armour         | 4 5 10 12 14 15 16 | 16.4
Shields        | 7 10 14 15 17 | 17.8
Throwing       | 1 7 10 12 16 | 16.0
Stealth        | 8 |  8.0
Shapeshifting  | 8 |  8.8

Action                     |  1- 3 |  4- 6 |  7- 9 | 10-12 | 13-15 | 16-18 | 19-21 | 22-24 | 25-27 || total
---------------------------+-------+-------+-------+-------+-------+-------+-------+-------+-------++-------
  Melee: Whip              |       |       |       |     1 |     3 |    26 |    34 |    19 |    20 ||   103
         Staff             |       |       |       |       |       |       |       |       |     2 ||     2
  Throw: Dart              |       |       |       |     1 |       |     5 |     2 |     1 |     3 ||    12
         Throwing net      |       |       |       |       |       |     6 |     5 |       |     1 ||    12
         Javelin           |       |       |       |       |       |       |     2 |     7 |    28 ||    37
         Boomerang         |       |       |       |       |       |       |     3 |     4 |    40 ||    47
   Cast: Magic Dart        |    33 |    80 |    78 |    64 |   232 |   215 |   244 |   226 |   514 ||  1686
         Searing Ray       |     2 |    13 |    10 |     4 |     1 |    13 |    59 |   112 |   150 ||   364
         Fulminant Prism   |       |     6 |    26 |    38 |    15 |    20 |    13 |    18 |   120 ||   256
         Iskenderun's Myst |       |     5 |    47 |    89 |   328 |   264 |   301 |   361 |   977 ||  2372
         Mercury Vapours   |       |     2 |    32 |    17 |    10 |       |       |     1 |     2 ||    64
         Fugue of the Fall |       |       |     2 |       |       |       |     1 |     2 |     4 ||     9
         Brom's Barrelling |       |       |    10 |    51 |    28 |    19 |       |     3 |     9 ||   120
         Iskenderun's Batt |       |       |       |     2 |    91 |    84 |    98 |   125 |   274 ||   674
         Freezing Cloud    |       |       |       |       |    52 |   110 |   200 |   115 |   245 ||   722
         Eringya's Noxious |       |       |       |       |     6 |    12 |     3 |    16 |    35 ||    72
         Starburst         |       |       |       |       |       |       |    18 |   129 |   393 ||   540
         Spellforged Servi |       |       |       |       |       |       |     5 |     7 |     4 ||    16
         Ignition          |       |       |       |       |       |       |       |       |   357 ||   357
         Dragon's Call     |       |       |       |       |       |       |       |       |    18 ||    18
         Infestation       |       |       |       |       |       |       |       |       |     1 ||     1
 Invoke: Lesser Servant of |       |       |       |       |     1 |       |       |       |       ||     1
  Evoke: Wand              |       |       |       |     1 |     6 |    14 |     9 |    20 |    54 ||   104
         Lightning rod     |       |       |       |       |       |       |       |     2 |       ||     2
         Horn of Geryon    |       |       |       |       |       |       |       |       |     2 ||     2
         Sack of spiders   |       |       |       |       |       |       |       |       |     1 ||     1
         Phantom mirror    |       |       |       |       |       |       |       |       |     1 ||     1
    Use: Scroll            |     1 |     2 |     4 |     9 |    16 |     5 |     3 |     8 |    18 ||    66
         Potion            |       |       |       |     1 |       |     4 |     5 |     9 |    25 ||    44
 Armour: Robe              |     2 |     3 |    10 |    20 |    90 |       |       |       |       ||   125
         Storm dragon scal |       |       |       |       |    24 |   220 |   220 |    41 |       ||   505
         Plate armour      |       |       |       |       |       |       |       |    59 |       ||    59
         Pearl dragon scal |       |       |       |       |       |       |       |    69 |   503 ||   572
  Dodge: Dodged            |     3 |    10 |    11 |    15 |    86 |    51 |    86 |    95 |   339 ||   696
  Block: Buckler           |       |       |       |       |       |    47 |    15 |       |       ||    62
         Reflection        |       |       |       |       |       |    27 |     5 |       |       ||    32
         Kite shield       |       |       |       |       |       |       |   122 |   143 |   365 ||   630
